 Dungeon Crawl Stone Soup version 0.13.0-67-g7ee5eca (webtiles) character file.

158 Lilouch the Firebug (level 4, 0/30 HPs)
             Began as a Mummy Fire Elementalist on Nov 27, 2013.
             Slain by Piginabag's ghost (9 damage)
             ... on Level 3 of the Dungeon.
             The game lasted 00:09:12 (2939 turns).

Lilouch the Firebug (Mummy Fire Elementalist)       Turns: 2939, Time: 00:09:13

HP   0/30        AC  4     Str 11      XL: 4   Next:  1%
MP   0/7         EV 12     Int 15      God:
Gold 90          SH  0     Dex 12      Spells:  2 memorised,  3 levels left

Res.Fire  : x . .   See Invis. : .   l - +1,+0 sabre (speed)
Res.Cold  : + . .   Warding    : .   a - +0 robe
Life Prot.: + + +   Conserve   : .   (no shield)
Res.Poison: +       Res.Corr.  : .   (no helmet)
Res.Elec. : .       Clarity    : .   m - +0 cloak
Sust.Abil.: . .     Spirit.Shd : .   o - +0 pair of gauntlets (curse)
Res.Mut.  : .       Stasis     : .   (no boots)
Res.Rott. : +       Flight     : .   (no amulet)
Saprovore : . . .                    (no ring)
                                     g - ring of protection from magic {unknown}

@: quite resistant to hostile enchantments, unstealthy
A: no food or potions, fire vulnerability, restore body, cold resistance 1, life
protection 3, poison resistance, torment resistance, unbreathing
a: no special abilities


You were on level 3 of the Dungeon.
You were not hungry.

You visited 1 branch of the dungeon, and saw 3 of its levels.

You collected 70 gold pieces.

Inventory:

Hand weapons
 d - a -1,+0 orcish club
 e - a -1,+1 orcish dagger
 l - a +1,+0 sabre of speed (weapon)
 p - a +1,+0 dagger of venom
Missiles
 c - 27 darts (quivered)
 h - 48 stones
 i - 4 curare-tipped needles
 n - 22 sling bullets
Armour
 a - a +0 robe (worn)
 m - a +0 cloak (worn)
 o - a cursed +0 pair of gauntlets (worn)
Scrolls
 f - a scroll of teleportation {unknown}
 j - a scroll of remove curse {unknown}
 k - a scroll of curse weapon {unknown}
 q - a scroll of curse jewellery {unknown}
Jewellery
 g - a ring of protection from magic (left hand) {unknown}
Books
 b - a book of Flames

   Spells                             Type                      Level
   *Flame Tongue                      Conjuration/Fire             1
   *Throw Flame                       Conjuration/Fire             2
   Conjure Flame                      Conjuration/Fire             3
   Inner Flame                        Hexes/Fire                   3
   Sticky Flame                       Conjuration/Fire             4
   Fireball                           Conjuration/Fire             5


   Skills:
 - Level 1.5 Dodging
 - Level 1.5 Stealth
 + Level 1.8 Spellcasting
 + Level 1.2 Conjurations
 * Level 3.5 Fire Magic


You had 3 spell levels left.
You knew the following spells:

 Your Spells              Type           Power        Failure   Level  Hunger
a - Flame Tongue          Conj/Fire      #....        12%         1    N/A
b - Throw Flame           Conj/Fire      #.....       14%         2    N/A

Dungeon Overview and Level Annotations

Branches:
Dungeon (3/27)

Altars:

Annotations:
D:3 Piginabag's ghost, average TeMo


Innate Abilities, Weirdness & Mutations

You do not eat or drink.
Your flesh is vulnerable to fire.
Your flesh is cold resistant.
You are immune to negative energy.
Your system is resistant to poisons.
You are immune to unholy pain and torment.
You can survive without breathing.


Message History

Aim: Piginabag's ghost (moderately damaged)
The flame misses Piginabag's ghost.
Piginabag's ghost hits you!
Casting: Flame Tongue
Confirm with . or Enter, or press ? or * to list all spells.
Aiming: Flame Tongue
Press: ? - help, Shift-Dir - straight line, f/p - Piginabag's ghost
Aim: Piginabag's ghost (moderately damaged)
The flame hits Piginabag's ghost.
Piginabag's ghost is heavily damaged.
Piginabag's ghost hits you.
* * * LOW HITPOINT WARNING * * *
Casting: Flame Tongue
Confirm with . or Enter, or press ? or * to list all spells.
Aiming: Flame Tongue
Press: ? - help, Shift-Dir - straight line, f/p - Piginabag's ghost
Aim: Piginabag's ghost (heavily damaged)
The flame hits Piginabag's ghost.
Piginabag's ghost is almost destroyed.
Piginabag's ghost hits you!
You die...

.... ..# . ..#
#. ..#
#.###.## ####.
#...#.. .....
#....###..####
#....#........
#....@p..(.((#
#....#.....#.#
######.###.#
#.. ###. .. ..
#.# .


You could see Piginabag's ghost.

Vanquished Creatures
  2 adders
  2 giant geckos (D:2)
  10 bats
  3 goblins
  4 hobgoblins
  4 jackals (D:1)
  7 kobolds
  6 giant cockroaches (D:2)
  A giant newt (D:1)
  A quokka (D:2)
  5 rats
45 creatures vanquished.

Notes
Turn   | Place    | Note
--------------------------------------------------------------
     0 | D:1      | Lilouch, the Mummy Fire Elementalist, began the quest for the Orb.
     0 | D:1      | Reached XP level 1. HP: 13/13 MP: 3/3
   327 | D:1      | Reached skill level 1 in Conjurations
   347 | D:1      | Reached XP level 2. HP: 19/19 MP: 2/4
  1324 | D:1      | Reached skill level 3 in Fire Magic
  1781 | D:2      | Reached XP level 3. HP: 24/24 MP: 4/6
  1804 | D:2      | Learned a level 2 spell: Throw Flame
  2807 | D:3      | Reached XP level 4. HP: 23/30 MP: 3/7
  2928 | D:3      | Noticed Piginabag's ghost (average TeMo)
  2939 | D:3      | Slain by Piginabag's ghost

Action                   |  1- 3 |  4- 6 || total
-------------------------+-------+-------++-------
Melee: Sabre             |    10 |     3 ||    13
       Unarmed           |     2 |       ||     2
Throw: Dart              |   127 |     3 ||   130
       Stone             |     9 |       ||     9
       Club              |     3 |       ||     3
       Dagger            |     3 |       ||     3
 Cast: Flame Tongue      |    63 |    10 ||    73
